 Dungeon Crawl Stone Soup version 0.23-a0-837-ga3e6480 (console) character file.

16 bli the Slasher (level 2, -2/25 HPs)
             Began as a Barachi Monk on Jan 24, 2019.
             Slain by a worm (8 damage)
             ... on level 2 of the Dungeon.
             The game lasted 00:01:47 (655 turns).

bli the Slasher (Barachi Monk)                       Turns: 655, Time: 00:01:47

Health: -2/25      AC:  2    Str: 12    XL:     2   Next: 58%
Magic:  2/2        EV: 13    Int: 14    God:
Gold:   24         SH:  0    Dex: 14    Spells: 1/1 levels left

rFire    . . .     SeeInvis .   a - +0 falchion
rCold    . . .     Gourm    .   (no shield)
rNeg     . . .     Faith    .   b - +0 robe
rPois    .         Spirit   .   (no helmet)
rElec    .         Reflect  .   (no cloak)
rCorr    .         Harm     .   (no gloves)
MR       .....                  (no boots)
Stlth    ++........             (no amulet)
HPRegen  0.08/turn              h - +4 ring of intelligence
MPRegen  0.08/turn              (no ring)

@: slow
A: +LOS, swims, slowness 1, strong legs 1
a: Hop


You were on level 2 of the Dungeon.
You were not hungry.

You visited 1 branch of the dungeon, and saw 2 of its levels.

You collected 24 gold pieces.

Inventory:

Hand Weapons
 a - a +0 falchion (weapon)
 f - a +0 dagger
Missiles
 g - 14 stones (quivered)
 m - 9 sling bullets
 p - 14 poisoned needles
Armour
 b - a +0 robe (worn)
Jewellery
 h - a +4 ring of intelligence (left hand)
Scrolls
 e - a scroll of immolation {unknown}
 i - 2 scrolls of blinking {unknown}
 j - 3 scrolls of identify {unknown}
 n - a scroll of noise {unknown}
Potions
 k - a potion of invisibility {unknown}
 l - a potion of curing {unknown}
 o - a potion of berserk rage {unknown}
 q - a potion of degeneration {unknown}
Comestibles
 c - a ration


   Skills:
 * Level 3.9 Fighting
 * Level 4.4 Long Blades
 - Level 3.2 Dodging
 + Level 1.7 Stealth


You had one spell level left.
You didn't know any spells.
Your spell library was empty.

Dungeon Overview and Level Annotations

Branches:
Dungeon (2/15)

Altars:


Innate Abilities, Weirdness & Mutations

Shadows flee at your approach. (+LOS)
You can swim through water.
You cover ground slowly.
You can hop short distances.


Message History

The worm bites you.
* * * LOW HITPOINT WARNING * * *
Items here: ( ) †† a +0 short sword; 3 stones; a rat corpse; a giant cockroach corpse You hit the worm.
The worm is lightly wounded.
The worm barely misses you.
You hit the worm.
The worm is moderately wounded.
You hit the worm.
The worm is heavily wounded.
The worm closely misses you.
You riposte.
You barely miss the worm.
The worm is heavily wounded.
You hit the worm but do no damage.
The worm is heavily wounded.
All of the chunks of flesh in your inventory have rotted away.
You hit the worm.
The worm is almost dead.
The worm bites you!
You die...

........... ..........#.
#......[....
#...........
#.........## .........(.
#.........# #.........#
##.........#
#w.....##### #@#)...#
#####.#....# ..
###.....#.$..#
....#####...###........
................#....###
....##.<..............
#############...# ####


You could see a worm.

Vanquished Creatures
  A leopard gecko (D:2)
  2 bats (D:1)
  A giant cockroach (D:2)
  4 goblins (D:1)
  A frilled lizard (D:1)
  2 kobolds
  5 rats
16 creatures vanquished.

Notes
Turn   | Place    | Note
-------+----------+-------------------------------------------
     0 | D:1      | bli the Barachi Monk began the quest for the Orb.
     0 | D:1      | Reached XP level 1. HP: 18/18 MP: 1/1
   161 | D:1      | Reached skill level 4 in Long Blades
   168 | D:1      | Reached XP level 2. HP: 24/25 MP: 2/2
   655 | D:2      | Slain by a worm

Vault maps used:
D:1:      ncdulo_smallfort, serial_park_tiny_pond
D:2:      lemuel_coloured_pillars_altar, uniq_terence

Skill      XL: |  1 |
---------------+----+-----
Long Blades    | 4 |  4.4
Fighting       | |  3.9
Dodging        | |  3.2
Stealth        | |  1.7

Action                   || total
-------------------------++-------
Melee: Falchion          ||    45
 Stab: Sleeping          ||     1
Armor: Robe              ||     7
Dodge: Dodged            ||    38
       Rpst.: Falchion   ||    12

Table legend:
 A = Non-vault XP
 B = Vault XP
 C = Vault XP percentage of total XP
 D = Non-vault monster count
 E = Vault monster count
 F = Vault count percentage of total count
                 A         B        C        D         E       F
            +---------+---------+-------+---------+---------+-------
      Total |      24 |       0 |   0.0 |      16 |       0 |   0.0
            +---------+---------+-------+---------+---------+-------
        D:1 |      16 |       0 |   0.0 |      12 |       0 |   0.0
        D:2 |       8 |       0 |   0.0 |       4 |       0 |   0.0
            +---------+---------+-------+---------+---------+-------
